 Dungeon Crawl Stone Soup version 0.27-a0-686-gaed091b46b (webtiles) character file.

Game seed: 6228311900900736706

298137 Anon1729 the Imperceptible (level 22, -17/141 (142) HPs)
             Began as a Kobold Brigand on Mar 20, 2021.
             Was the Champion of Wu Jian.
             Blown up by a lich (46 damage)
             ... with a wavering orb of destruction
             ... on level 3 of the Abyss.
             The game lasted 02:21:34 (54432 turns).

Anon1729 the Imperceptible (Kobold Brigand)        Turns: 54432, Time: 02:21:35

HP:   -17/141 (142) AC: 10    Str: 10    XL:     22   Next: 26%
MP:   22/22         EV: 41    Int: 14    God:    Wu Jian [******]
Gold: 3246          SH:  0    Dex: 29    Spells: 20/21 levels left

rFire    + . .     SeeInvis .   a - +9 rapier of Attainder {vorpal, +Inv}
rCold    + . .     Faith    .   (shield restricted)
rNeg     . . .     Spirit   .   Q - +2 robe {rC+ rF+}
rPois    .         Reflect  .   q - +2 helmet
rElec    .         Harm     .   k - scarf {repulsion}
rCorr    .         Rampage  .   (no gloves)
Will     +....                  D - +2 pair of boots {Stlth+} Stlth *+++++++++
                                Y - amulet of regeneration
HPRegen  0.00/turn              l - +6 ring of dexterity
MPRegen  0.18/turn              f - +4 ring of slaying

@: non-regenerating, mildly diseased, studying 2 skills, lightly drained, repel
missiles
A: small, no large weapons, nightstalker 3, subdued magic 1
}: 1/15 runes: barnacled
a: Renounce Religion, Evoke Invisibility, Wall Jump, Serpent's Lash, Heavenly
Storm


You were on level 3 of the Abyss.
You worshipped Wu Jian.
Wu Jian was exalted by your worship.
You visited 7 branches of the dungeon, and saw 34 of its levels.
You visited the Abyss 3 times.
You also visited: Sewer and Volcano.

You collected 4394 gold pieces.
You spent 1148 gold pieces at shops.

Inventory:

Hand Weapons
 a - the +9 rapier of Attainder (weapon) {vorpal, +Inv}
   (You acquired it on level 15 of the Dungeon)

   It inflicts extra damage upon your enemies.
   It lets you turn invisible.
 b - the +10 rapier "Muabih" {venom, Will+}
   (You took it off a kobold brigand on level 8 of the Dungeon)

   It poisons the flesh of those it strikes.
   It affects your willpower, your defense against some magical effects.
Missiles
 d - 180 poisoned darts (quivered)
 H - 8 boomerangs of dispersal
 N - 34 curare-tipped darts
 T - 6 atropa-tipped darts
 X - 9 throwing nets
 Z - 40 boomerangs
Armour
 i - a scarf of resistance
 k - a scarf of repulsion (worn)
 q - a +2 helmet (worn)
 v - the +2 pair of gloves of Light {rPois rF- rN+}
   (You found it on level 3 of the Elven Halls)

   It makes you vulnerable to fire.
   It protects you from poison.
   It protects you from negative energy.
 D - a +2 pair of boots of stealth (worn)
 Q - a +2 robe of resistance (worn)
Jewellery
 f - a +4 ring of slaying (left hand)
 l - a +6 ring of dexterity (right hand)
 E - a ring of protection from fire
 Y - an amulet of regeneration (around neck)
Wands
 j - a wand of paralysis (32)
 A - a wand of flame (69)
 K - a wand of digging (12)
 P - a wand of charming (5)
 U - a wand of iceblast (9)
 V - a wand of acid (12)
 W - a wand of polymorph (20)
Scrolls
 c - 9 scrolls of teleportation
 h - 5 scrolls of immolation
 o - 7 scrolls of fear
 y - 7 scrolls of magic mapping
 B - 11 scrolls of enchant weapon
 C - 2 scrolls of fog
 I - 3 scrolls of silence
 L - a scroll of brand weapon
 S - 8 scrolls of blinking
Potions
 g - 2 potions of heal wounds
 m - 8 potions of brilliance
 n - 3 potions of cancellation
 p - a potion of might
 r - 6 potions of lignification
 s - 3 potions of resistance
 t - 8 potions of haste
 w - 3 potions of ambrosia
 x - 5 potions of attraction
 F - 6 potions of curing
 G - 6 potions of flight
 J - 3 potions of invisibility
 M - 3 potions of berserk rage
 R - 4 potions of mutation
Miscellaneous
 e - a condenser vane
 u - a tin of tremorstones (1/2)
 z - a lightning rod (4/4)
 O - a box of beasts


   Skills:
 + Level 16.0 Fighting
 + Level 18.3 Short Blades
 + Level 18.1 Throwing
 + Level 21.4 Dodging
 + Level 22.9 Stealth
 + Level 3.2 Shields
 + Level 13.3 Evocations


You had 20 spell levels left.
You knew the following spells:

 Your Spells              Type           Power      Damage    Failure   Level
a - Apportation           Tloc           0%         N/A       24%         1

Your spell library contained the following spells:

 Spells                   Type           Power      Damage    Failure   Level
 Animate Skeleton         Necr           0%         N/A       24%         1
 Beastly Appendage        Tmut           0%         N/A       24%         1
 Corona                   Hex            0%         N/A       24%         1
 Freeze                   Ice            0%         1d3       24%         1
 Pain                     Necr           0%         1d4       24%         1
 Summon Small Mammal      Summ           0%         N/A       24%         1
 Call Imp                 Summ           0%         N/A       36%         2
 Sublimation of Blood     Necr           0%         N/A       36%         2
 Wereblood                Tmut           0%         N/A       36%         2
 Call Canine Familiar     Summ           0%         N/A       61%         3
 Confusing Touch          Hex            0%         N/A       61%         3
 Frozen Ramparts          Ice            0%         1d2       61%         3
 Gell's Gravitas          Tloc           0%         N/A       61%         3
 Ignite Poison            Fire/Tmut/Pois 0%         N/A       61%         3
 Ozocubu's Armour         Ice            0%         N/A       61%         3
 Spider Form              Tmut/Pois      0%         N/A       61%         3
 Summon Guardian Golem    Hex/Summ       0%         N/A       61%         3
 Vampiric Draining        Necr           0%         2d6       61%         3
 Animate Dead             Necr           0%         N/A       95%         4
 Hailstorm                Conj/Ice       0%         3d3       95%         4
 Ice Form                 Ice/Tmut       0%         N/A       95%         4
 Petrify                  Tmut/Erth      0%         N/A       95%         4
 Summon Ice Beast         Ice/Summ       0%         N/A       95%         4
 Summon Lightning Spire   Summ/Air       0%         N/A       95%         4
 Agony                    Necr           0%         N/A       100%        5
 Alistair's Intoxication  Tmut/Pois      0%         N/A       100%        5
 Blade Hands              Tmut           0%         N/A       100%        5
 Irradiate                Conj/Tmut      0%         3d14      100%        5
 Metabolic Englaciation   Hex/Ice        0%         N/A       100%        5
 Yara's Violent Unravell  Hex/Tmut       0%         3d3       100%        5
 Eringya's Noxious Bog    Tmut/Pois      0%         N/A       100%        6


Dungeon Overview and Level Annotations

Branches:
Dungeon (15/15)            Temple (1/1) D:7            Lair (6/6) D:9
 Shoals (4/4) Lair:2        Snake (3/4) Lair:3        Slime (0/5) Lair:5
    Orc (2/2) D:11            Elf (3/3) Orc:2        Vaults (0/5) D:14
 Depths (0/5) D:15          Sewer (visited)         Volcano (visited)

Altars:
Ashenzari
Cheibriados
Dithmenos
Elyvilon
Fedhas
Gozag
Hepliaklqana
Kikubaaqudgha
Makhleb
Nemelex Xobeh
Okawaru
Qazlal
Ru
Sif Muna
Trog
Uskayaw
Vehumet
Wu Jian
Xom
Yredelemnul
Zin
The Shining One
Jiyva

Shops:
D:4 *   D:13 [   Orc:2 :[::   Elf:2 !   Snake:1 *   Snake:3 :=:

Annotations:
D:4 exclusions: 2 killer bees and 3 more exclusions
Elf:2 3 runed translucent doors


Innate Abilities, Weirdness & Mutations

You are small and have problems with some larger weapons.
You are completely attuned to the shadows.
Your spells are a little easier to cast, but a little less powerful.


Message History

The lich is moderately damaged.
A chaos spawn comes into view.
The smoke demon is engulfed in blazing flames.
The smoke demon closely misses you. The smoke demon completely misses you.
The smoke demon hits you but does no damage.
The lich barely misses you.
You closely miss the lich.
The lich is moderately damaged.
You barely miss the lich.
The lich is moderately damaged.
The smoke demon is engulfed in blazing flames.
The smoke demon misses you. The smoke demon completely misses you.
The smoke demon misses you.
The small abomination completely misses you.
The lich mumbles some strange words.
The lich seems to speed up.
You puncture the lich!
The lich is heavily damaged.
You closely miss the lich.
The lich is heavily damaged.
The lich completely misses you. The small abomination hits you!
The smoke demon is engulfed in blazing flames.
The smoke demon completely misses you. The smoke demon misses you.
The smoke demon closely misses you.
You impale the lich!!
The lich is severely damaged.
The lich completely misses you.
You hit the lich.
The lich is severely damaged.
The small abomination completely misses you.
The lich points at itself and mumbles some strange words.
The lich flickers and vanishes!
Deactivating autopickup; reactivate with Ctrl-A.
The smoke demon is engulfed in blazing flames.
The smoke demon gestures at you. Something smites you!
* * * LOW HITPOINT WARNING * * *
Something conjures a glowing orb.
The wavering orb of destruction weakly hits you!!!
You die...

# . # . # .
...# #... .
....#....
++#
☼........
#.
{.°[.x†....
§§.
'...43@....
. §..#
...{#....
§. ...#
#... . . ..
...# #...
.. .. .. .
. .


You could see a smoke demon, a chaos spawn (strong) and a small abomination.

Vanquished Creatures
  An ancient lich (Abyss:3)
  Nikola (Elf:1)
  2 liches (Abyss:3)
  A deep elf blademaster (Elf:2)
  2 deep elf master archers (Elf:3)
  Frances (Shoals:1)
  Polyphemus (Shoals:2)
  Ilsuiw (Shoals:4)
  5 deep elf sorcerers
  A frost giant (Shoals:4)
  Louise (Shoals:2)
  4 deep elf elementalists
  5 deep elf demonologists
  Azrael (Elf:2)
  Nessos (D:12)
  3 deep elf annihilators
  3 entropy weavers (D:10)
  A minotaur (Shoals:1)
  3 merfolk javelineers
  2 deep elf death magi
  6 merfolk impalers
  2 green deaths (Abyss:2)
  A deep elf high priest (Elf:3)
  3 fire dragons
  Harold (D:8)
  3 ogre magi
  16 hydras
  2 ghost crabs (D:10)
  4 boulder beetles
  11 naga warriors
  3 centaur warriors
  7 merfolk aquamancers
  5 satyrs
  2 merfolk avatars
  5 anacondas
  23 dancing weapons
  2 catoblepae
  14 death yaks
  5 thrashing horrors (Abyss:2)
  6 shock serpents
  A vampire mage (Abyss:2)
  A tengu warrior (D:15)
  9 two-headed ogres
  6 orc high priests
  5 naga sharpshooters
  Sonja (Lair:3)
  9 deep elf knights
  A sun demon (Volcano)
  3 salamander mystics
  4 fire crabs (D:10)
  A sixfirhy (Abyss:3)
  2 wretched stars (Abyss:2)
  10 skeletal warriors
  2 shadow demons (Abyss:2)
  6 large abominations
  14 sea snakes
  The ghost of stringoo the Spear-Bearer, a novice OpFi of Gozag (D:8)
  6 naga ritualists
  11 deep elf archers
  A swamp dragon (Lair:6)
  6 harpies
  21 deep elf zephyrmancers
  6 orc knights
  3 wizards
  2 wolf spiders (Lair:6)
  A will-o-the-wisp (Abyss:2)
  11 mana vipers
  An orb spider (shapeshifter) (D:14)
  21 deep elf pyromancers
  6 cyclopes
  8 salamanders
  8 orc sorcerers
  10 manticores
  10 fauns
  4 water nymphs
  4 centaur zombies
  14 elephants
  3 starcursed masses (Abyss:3)
  An apocalypse crab (D:10)
  10 merfolk sirens
  A black mamba (shapeshifter) (Elf:3)
  34 black mambas
  A torpor snail (Lair:2)
  9 naga magi
  4 guardian serpents
  Maurice (D:9)
  21 cane toads
  2 smoke demons
  3 gargoyles
  6 kobold demonologists
  An efreet (D:14)
  A redback zombie (D:15)
  3 rime drakes
  15 komodo dragons
  3 yaktaurs (D:15)
  9 meliai
  28 merfolk
  4 red devils (Volcano)
  An ancient zyme (Abyss:3)
  6 trolls
  2 polar bears (Lair:5)
  4 slime creatures (D:12)
  3 hornets
  15 blink frogs
  21 dream sheep
  2 wind drakes (Shoals:4)
  A meliai zombie (D:13)
  2 raiju (Abyss:2)
  8 snapping turtles
  3 shadows
  3 air elementals
  2 wraiths
  2 ynoxinuls (Abyss:2)
  2 redbacks (Lair:6)
  13 water elementals
  A vampire (D:14)
  14 wyverns
  7 basilisks
  11 fire bats
  Eustachio (D:5)
  37 yaks
  A neqoxec (Abyss:2)
  6 chaos spawn
  2 steam dragons
  5 fire elementals
  7 wargs
  5 vampire mosquitoes
  A spatial vortex (Abyss:2)
  Edmund (D:5)
  20 nagas
  5 small abominations
  39 water moccasins
  4 soldier ants
  4 acid dragons
  4 hell hounds (Elf:2)
  A swamp drake (Lair:6)
  4 ice beasts
  Purgy (Sewer)
  22 orc warriors
  2 black bears
  5 sky beasts
  3 boggarts
  A necrophage (D:5)
  12 wolves
  13 centaurs
  20 ogres
  A phantom (D:7)
  9 kobold brigands
  19 bullfrogs
  3 earth elementals (Elf:2)
  A wyvern skeleton (D:9)
  6 scorpions
  9 killer bees
  14 wights
  2 howler monkeys
  7 electric eels
  10 lava snakes
  2 bullfrog zombies
  A quasit (D:8)
  10 hounds
  6 jellies
  20 orc priests
  3 bullfrog skeletons
  3 centaur skeletons
  Terence (D:2)
  10 iguanas
  23 orc wizards
  9 worker ants
  A killer bee zombie (D:7)
  A centaur simulacrum (D:11)
  A hound zombie (D:6)
  A howler monkey zombie (D:8)
  12 gnolls
  A howler monkey skeleton (D:10)
  24 adders
  2 shadow imps
  3 oozes
  2 adder skeletons
  2 dart slugs (D:1)
  6 leopard geckos
  74 orcs
  5 giant cockroaches
  7 goblins
  5 hobgoblins
  2 jackals (D:4)
  12 quokkas
  3 ball pythons
  A ball python skeleton (D:4)
  8 bats
  4 frilled lizards
  A jackal skeleton (D:7)
  A jackal zombie (D:8)
  11 kobolds
  2 leopard gecko skeletons
  A leopard gecko zombie (D:8)
  6 rats
  A lurking horror (Abyss:2)
1269 creatures vanquished.

Vanquished Creatures (collateral kills)
  A deep elf demonologist (Abyss:2)
  A guardian serpent (Snake:1)
  A naga mage (Snake:1)
  Psyche (D:9)
  A large abomination (Abyss:3)
  A small abomination (Abyss:2)
6 creatures vanquished.

Vanquished Creatures (others)
  A death yak (Shoals:2)
  A shock serpent (Snake:1)
  2 deep elf knights (Elf:2)
  2 black mambas (Lair:3)
  A water elemental (Shoals:4)
  A fire bat (Abyss:3)
  A golden eye (Abyss:2)
  A small abomination (Abyss:2)
  An orc priest (Orc:2)
  An orc wizard (Orc:2)
  42 fungi
  A lurking horror (Abyss:2)
  177 plants
232 creatures vanquished.

Grand Total: 1507 creatures vanquished

Notes
Turn   | Place    | Note
-------+----------+-------------------------------------------
     0 | D:1      | Anon1729 the Kobold Brigand began the quest for the Orb.
     0 | D:1      | Reached XP level 1. HP: 12/12 MP: 1/1
   332 | D:1      | Reached XP level 2. HP: 17/17 MP: 2/2
   556 | D:1      | Reached XP level 3. HP: 17/22 MP: 3/3
   752 | D:1      | Reached skill level 6 in Stealth
  1179 | D:2      | Reached XP level 4. HP: 22/27 MP: 4/4
  1365 | D:2      | Found a hide-covered altar of Uskayaw.
  1860 | D:2      | Noticed Terence
  1903 | D:2      | Killed Terence
  2192 | D:2      | Found a glowing golden altar of the Shining One.
  2342 | D:2      | Found a radiant altar of Vehumet.
  2352 | D:2      | Reached XP level 5. HP: 32/32 MP: 5/5
  3072 | D:3      | Reached skill level 7 in Stealth
  3756 | D:4      | Noticed an air elemental
  3757 | D:4      | Noticed a fire elemental
  3758 | D:4      | Found a stormy altar of Qazlal.
  3761 | D:4      | Noticed a water elemental
  3851 | D:4      | Reached XP level 6. HP: 36/37 MP: 6/6
  3877 | D:4      | Found a glowing drain.
  3929 | Sewer    | Entered a sewer
  3983 | Sewer    | Noticed Purgy
  3987 | Sewer    | Killed Purgy
  4091 | D:4      | Found Istretiu's General Store.
  4436 | D:4      | Reached XP level 7. HP: 41/41 MP: 7/7
  4748 | D:5      | Entered Level 5 of the Dungeon
  4762 | D:5      | Noticed Eustachio
  5432 | D:4      | Reached skill level 8 in Stealth
  5677 | D:5      | Noticed Edmund
  5685 | D:5      | Killed Edmund
  5762 | D:5      | Reached skill level 5 in Short Blades
  6019 | D:5      | Reached XP level 8. HP: 48/48 MP: 8/8
  6099 | D:5      | Reached skill level 9 in Stealth
  6297 | D:5      | Killed Eustachio
  6763 | D:5      | Reached skill level 5 in Throwing
  6906 | D:5      | Reached skill level 5 in Dodging
  6906 | D:5      | Reached skill level 10 in Stealth
  6906 | D:5      | Reached XP level 9. HP: 22/53 MP: 9/9
  7258 | D:6      | Reached skill level 5 in Fighting
  7418 | D:6      | Found a sacrificial altar of Ru.
  7845 | D:6      | Reached skill level 11 in Stealth
  8123 | D:7      | Found a staircase to the Ecumenical Temple.
  8162 | Temple   | Entered the Ecumenical Temple
  8456 | D:7      | Found a stormy altar of Qazlal.
  9481 | D:7      | Reached XP level 10. HP: 50/56 MP: 10/10
  9572 | D:7      | Found an iron altar of Okawaru.
  9793 | D:8      | Found a basalt altar of Yredelemnul.
  9794 | D:8      | Found an ancient bone altar of Kikubaaqudgha.
  9795 | D:8      | Found a hazy altar of Hepliaklqana.
 10095 | D:8      | Reached skill level 12 in Stealth
 10221 | D:8      | Found a shadowy altar of Dithmenos.
 10354 | D:8      | Noticed a two-headed ogre
 10444 | D:7      | Killed a two-headed ogre
 10562 | D:8      | Found an opulent altar of Gozag.
 10778 | D:8      | Found a runed translucent gate.
 10834 | D:8      | Found an ornate altar of the Wu Jian Council.
 10834 | D:8      | Found a burning altar of Makhleb.
 10915 | D:8      | Became a worshipper of the Wu Jian Council
 11050 | D:8      | Noticed stringoo's ghost (novice OpFi)
 11052 | D:8      | Found a runed translucent gate.
 11053 | D:8      | Found a runed translucent gate.
 11053 | D:8      | Noticed a kobold demonologist
 11053 | D:8      | Identified the +10 rapier "Muabih" {venom, Will+}
 11268 | D:9      | Noticed Psyche
 11529 | D:9      | Noticed a four-headed hydra
 11531 | D:9      | Killed a four-headed hydra
 11532 | D:9      | Reached skill level 13 in Stealth
 11875 | D:9      | Found a staircase to the Lair.
 11888 | D:9      | Noticed Maurice
 11892 | D:9      | Killed Maurice
 11893 | D:9      | Reached XP level 11. HP: 67/67 MP: 11/11
 12121 | D:9      | Noticed Harold
 12359 | D:9      | Reached * piety under Wu Jian
 13040 | D:8      | Killed Harold
 13041 | D:8      | Reached skill level 14 in Stealth
 13765 | D:9      | Killed Psyche
 13976 | D:10     | Entered Level 10 of the Dungeon
 14749 | D:10     | Noticed a two-headed ogre
 14780 | D:10     | Killed a two-headed ogre
 14920 | D:10     | Found a runed translucent door.
 15053 | D:10     | Reached ** piety under Wu Jian
 15516 | Lair:1   | Entered Level 1 of the Lair of Beasts
 16035 | Lair:1   | Identified the +1 robe "Esag" {rF+ rC- rCorr Int+2}
 16213 | Lair:1   | Reached skill level 15 in Stealth
 16215 | Lair:1   | Reached skill level 10 in Short Blades
 16687 | Lair:1   | Reached XP level 12. HP: 31/75 MP: 12/12
 18101 | Lair:2   | Noticed a death yak
 18223 | Lair:2   | Noticed a six-headed hydra
 18226 | Lair:2   | Killed a six-headed hydra
 18260 | Lair:2   | Found a transporter.
 18262 | Lair:2   | Found a transporter.
 18263 | Lair:2   | Noticed a boulder beetle
 18268 | Lair:2   | Killed a boulder beetle
 18307 | Lair:2   | Found a staircase to the Shoals.
 18961 | Lair:2   | Reached skill level 16 in Stealth
 19012 | Lair:2   | Killed a death yak
 19654 | Lair:2   | Identified the +1 ring mail of Makhleb's Esteem {-Cast
                  | Rampage rC+}
 20105 | D:8      | Reached skill level 10 in Dodging
 20303 | D:8      | Reached XP level 13. HP: 80/80 MP: 13/13
 20311 | D:8      | Killed stringoo's ghost
 21020 | Lair:3   | Found a staircase to the Snake Pit.
 21056 | Lair:3   | Reached *** piety under Wu Jian
 21062 | Lair:3   | Reached skill level 17 in Stealth
 21241 | Lair:3   | Noticed a six-headed hydra
 21246 | Lair:3   | Killed a six-headed hydra
 21294 | Lair:3   | Noticed a seven-headed hydra
 21320 | Lair:3   | Killed a seven-headed hydra
 21544 | Lair:3   | Reached skill level 10 in Fighting
 21544 | Lair:3   | Reached skill level 10 in Throwing
 21611 | Lair:3   | Noticed a four-headed hydra
 21612 | Lair:3   | Noticed Sonja
 21670 | Lair:3   | Identified the +4 ring mail of Rationality {*Drain rN+++
                  | Dex+7}
 21793 | Lair:2   | Killed a four-headed hydra
 21956 | Lair:3   | Killed Sonja
 21969 | Lair:3   | Identified a scroll of acquirement
 22062 | Lair:2   | Acquired a manual of Dodging
 22180 | Lair:3   | Noticed an eight-headed hydra
 22196 | Lair:3   | Killed an eight-headed hydra
 22913 | Lair:3   | Reached skill level 18 in Stealth
 23264 | Lair:4   | Identified the +10 mace of the Beast {freeze, Int+3}
 23324 | Lair:4   | Noticed a six-headed hydra
 23327 | Lair:4   | Killed a six-headed hydra
 23406 | Lair:4   | Noticed a five-headed hydra
 23411 | Lair:4   | Noticed an eight-headed hydra
 23418 | Lair:4   | Killed a five-headed hydra
 23530 | Lair:4   | Noticed a seven-headed hydra
 23531 | Lair:4   | Killed a seven-headed hydra
 23532 | Lair:4   | Reached XP level 14. HP: 88/88 MP: 14/14
 23541 | Lair:4   | Reached **** piety under Wu Jian
 25476 | Lair:4   | Reached skill level 1 in Evocations
 25723 | Lair:5   | Found a dark tunnel.
 25833 | Volcano  | Entered a volcano
 26196 | Volcano  | Found a radiant altar of Vehumet.
 27658 | Lair:5   | Reached skill level 19 in Stealth
 27833 | Lair:5   | Found a staircase to the Slime Pits.
 27835 | Lair:5   | Found a viscous altar of Jiyva.
 27973 | Lair:6   | Entered Level 6 of the Lair of Beasts
 29018 | Lair:6   | Reached XP level 15. HP: 88/95 MP: 15/15
 29474 | Lair:6   | Reached ***** piety under Wu Jian
 30351 | Lair:6   | Reached skill level 15 in Dodging
 30430 | Lair:6   | Reached skill level 5 in Evocations
 32126 | D:10     | Reached XP level 16. HP: 101/101 MP: 16/16
 32588 | D:11     | Identified the +0 robe "Efoclitt" {+Fly rCorr}
 32865 | D:11     | Found a staircase to the Orcish Mines.
 33298 | D:12     | Reached ****** piety under Wu Jian
 33528 | D:12     | Found a shimmering altar of Xom.
 33531 | D:12     | Found a shimmering altar of Xom.
 33730 | D:12     | Noticed Nessos
 33733 | D:12     | Killed Nessos
 34605 | D:13     | Reached skill level 20 in Stealth
 34866 | D:13     | Found Kapupp's Antique Armour Boutique.
 36092 | D:14     | Found a gate to the Vaults.
 36103 | D:14     | Acquired a manual of Throwing
 36642 | D:15     | Entered Level 15 of the Dungeon
 37007 | D:15     | Found a staircase to the Depths.
 37177 | D:15     | Reached XP level 17. HP: 83/108 MP: 17/17
 37454 | D:15     | Found a sacrificial altar of Ru.
 37506 | D:15     | Reached skill level 15 in Short Blades
 38198 | Orc:1    | Entered Level 1 of the Orcish Mines
 38401 | Orc:2    | Entered Level 2 of the Orcish Mines
 38433 | Orc:2    | Found a staircase to the Elven Halls.
 39563 | Orc:2    | Found Guthrub's Book Emporium.
 39563 | Orc:2    | Found Jyuc's Book Boutique.
 39565 | Orc:2    | Found Elem's Book Emporium.
 39565 | Orc:2    | Found Ceikatont's Antique Armour Boutique.
 40307 | Orc:2    | Bought an embroidered scarf for 248 gold pieces
 40326 | Orc:2    | Acquired the +9 rapier of Attainder {vorpal, +Inv}
 40327 | Orc:2    | Acquired a +0 pair of boots of stealth
 40590 | Snake:1  | Entered Level 1 of the Snake Pit
 40629 | Snake:1  | HP: 2/108 [guardian serpent/bolt of poison (27)]
 40786 | Snake:1  | Found Easch's Eclectic Emporium.
 40791 | Snake:1  | Bought a potion of experience for 900 gold pieces
 40791 | Snake:1  | Reached XP level 18. HP: 115/115 MP: 18/18
 41617 | Snake:2  | Reached skill level 15 in Throwing
 42244 | Snake:1  | Reached XP level 19. HP: 84/120 MP: 19/19
 42921 | Snake:3  | Reached skill level 21 in Stealth
 43087 | Snake:3  | Found Gamegam's Book Shoppe.
 43087 | Snake:3  | Found Lufuotz's Book Shoppe.
 43088 | Snake:3  | Found Rixkukif's Jewellery Shop.
 43547 | Snake:3  | Reached skill level 10 in Evocations
 44206 | Shoals:1 | Entered Level 1 of the Shoals
 44684 | Shoals:1 | Noticed Frances
 44701 | Shoals:1 | Killed Frances
 45418 | Shoals:1 | Found a hide-covered altar of Uskayaw.
 45424 | Shoals:1 | Identified the +11 fustibalus "Xuraojy" {flame, Str-5 Dex+8
                  | SInv}
 46442 | Shoals:2 | Noticed Polyphemus
 46485 | Shoals:2 | Killed Polyphemus
 46608 | Shoals:2 | Noticed Louise
 46619 | Shoals:2 | Killed Louise
 46885 | Shoals:3 | Found a hide-covered altar of Uskayaw.
 46925 | Shoals:3 | Reached XP level 20. HP: 57/118 MP: 20/20
 48327 | Shoals:4 | Entered Level 4 of the Shoals
 48824 | Shoals:4 | Noticed Ilsuiw
 48835 | Shoals:4 | Killed Ilsuiw
 49202 | Shoals:4 | Got a barnacled rune of Zot
 49443 | Shoals:4 | Reached skill level 15 in Fighting
 50491 | Elf:1    | Entered Level 1 of the Elven Halls
 50933 | Elf:1    | Reached skill level 22 in Stealth
 51010 | Elf:1    | Noticed Nikola
 51013 | Elf:1    | Killed Nikola
 51635 | Elf:2    | Reached XP level 21. HP: 134/134 MP: 21/21
 51744 | Elf:2    | Noticed Azrael
 51757 | Elf:2    | Killed Azrael
 52016 | Elf:2    | Found a runed translucent gate.
 52016 | Elf:2    | Found a runed translucent gate.
 52016 | Elf:2    | Found a runed translucent gate.
 52028 | Elf:2    | Found Daegemao's Distillery.
 52115 | Elf:2    | Found an ancient bone altar of Kikubaaqudgha.
 52174 | Elf:2    | Identified the +1 leather armour of Leaves {Slay+2}
 52184 | Elf:2    | Found a runed translucent door.
 52400 | Elf:3    | Entered Level 3 of the Elven Halls
 52425 | Elf:3    | Identified the +2 pair of gloves of Light {rPois rF- rN+}
 52960 | Elf:3    | Cast into level 2 of the Abyss (a deep elf demonologist)
 53040 | Abyss:2  | Reached skill level 1 in Shields
 53211 | Abyss:2  | Gained mutation: Your spells are a little easier to cast,
                  | but a little less powerful. [a neqoxec]
 53247 | Elf:3    | Escaped the Abyss
 53570 | Elf:3    | Identified the +2 leather armour of the Fletcher {*Slow rF+
                  | rC+ rN++}
 53618 | Elf:3    | Cast into level 2 of the Abyss (a deep elf sorcerer)
 53665 | Abyss:2  | Noticed a bone dragon
 53683 | Abyss:2  | Found a shimmering blue altar of Sif Muna.
 53727 | Abyss:2  | Identified the amulet of Savvoodghi {RegenMP Int+3}
 54029 | Elf:3    | Escaped the Abyss
 54059 | Elf:3    | Reached XP level 22. HP: 107/141 MP: 22/22
 54070 | Elf:3    | Cast into level 3 of the Abyss (a deep elf demonologist)
 54233 | Abyss:3  | Learned a level 1 spell: Apportation
 54370 | Abyss:3  | Noticed an ancient lich
 54386 | Abyss:3  | Killed an ancient lich
 54432 | Abyss:3  | Blown up by a lich

Illustrated notes

Levels and vault maps discovered:
D:1:      lightli_arrival_flooded_house, layout_loops_ring
D:2:      layout_basic, nicolae_vehumet_altar_sigil, lemuel_round_altar,
          tso_altar, uniq_terence
D:3:      layout_loops_ring, serial_bayou_lagoon_b
D:4:      layout_loops_ring, portal_sewer_entry_d, serial_shops, shop,
          nicolae_qazlal_style_of_elements
D:5:      layout_rooms, lemuel_flamethrower_1, uniq_edmund, uniq_eustachio
D:6:      layout_rooms, kennysheep_little_box
D:7:      layout_loops_corners, kennysheep_mini, lemuel_coloured_pillars_altar,
          minmay_temple_entry_offerings, skrybe_limestone_x
D:8:      layout_basic, grunt_dithmenos_smoke_and_mirrors,
          chequers_temple_overflow_statue_of_worship, old_standard_altar,
          gammafunk_temple_overflow_wave, gammafunk_ghost_nasty_kobolds
D:9:      layout_rooms, erik_lair_orcish_takeover, kennysheep_boxes,
          uniq_psyche, uniq_harold, uniq_maurice
D:10:     gammafunk_mikee_crab_dinner, layout_loops_ring
D:11:     layout_loops_ring, erik_orc_2, minivault_20
D:12:     layout_grid_maze, xom_redecorated, uniq_nessos
D:13:     layout_stronghold, serial_shops, shop, chequers_mini_garden
D:14:     layout_irregular_city, erik_vaults_1
D:15:     grunt_enter_depths_magical_seal, layout_grid_maze,
          nicolae_ru_awakened_eye
Temple:   dpeg_three_leaves_temple
Lair:1:   layout_layer_cave, grunt_megastairs_5, lemuel_fruit_tree
Lair:2:   gammafunk_boulding_lane, layout_cellular_growth,
          elwin_shoals_entry_stream, nicolae_quartered_pool_little
Lair:3:   layout_chaotic_city, minmay_snake_entry_six_corridors,
          beast_lair_carwin_7, serial_bayou_shore_b, uniq_sonja
Lair:4:   nzn_winding_woodlands_three_and_one
          [nzn_winding_woodlands_5x15_sawtooth,
          nzn_winding_woodlands_5x15_sidewinder,
          nzn_winding_woodlands_5x15_longhouse,
          nzn_winding_woodlands_center_pierced_h], layout_gridlike
Lair:5:   layout_roguey, slime_altar_1, nicolae_volcano_entry_lava_flow,
          serial_bayou_shore_a
Lair:6:   hangedman_lair_tendril_chambers, layout_regular_city,
          guppyfry_lair_end_dragon, infiniplex_staircase_pool_2
Shoals:1: layout_shoals, regret_index_shoals_crete, uniq_frances
Shoals:2: layout_shoals, uniq_polyphemus, uniq_louise
Shoals:3: layout_shoals, lemuel_altar_in_water2
Shoals:4: shoals_end_grunt_ice, layout_shoals, shoals_ilsuiw_ice
Snake:1:  layout_basic, nicolae_alphabet_shops, serial_bayou_ford_a
Snake:2:  layout_gridlike
Snake:3:  layout_cave_pods, serial_bayou_shore_b, minmay_shop_grove
Orc:1:    layout_caves, nicolae_orc_crystal_geode
Orc:2:    grunt_orc_tribal_feast, layout_caves
Elf:1:    minmay_elf_arrival_summoners, layout_geoelf_diagonals,
          hangedman_elf_disciples, uniq_nikola
Elf:2:    layout_loops_cross, serial_shops, shop, basic_altar, minivault_13,
          uniq_azrael
Elf:3:    grunt_elf_hall_spiral, layout_loops_corners
Abyss:3:  base: Depths:4, hangedman_abyss_or_decor_slice,
          nicolae_abyss_rune_star_stuff, nicolae_abyss_rune_star_stuff,
          bh_silent_lugonu_exit, grunt_abyss_rune_wretched_hive,
          onia_ninara_dug_in_and_dangerous, minivault_25_ag,
          due_evilmike_abyss_rune_seething_liches, base: Snake:2, base:
Snake:2

Skill      XL: |  1  2  3  4  5  6  7  8  9 10 11 12 13 14 15 16 17 18 19 20 21 22 |
---------------+-------------------------------------------------------------------+-----
Short Blades   | 3 4 5 6 7 8 10 11 12 13 14 15 16 17 18 | 18.3
Stealth        | 6 7 8 10 11 13 15 16 18 19 20 21 22 | 22.9
Dodging        | 2 3 4 5 6 7 8 10 11 14 16 18 19 20 21 | 21.4
Throwing       | 3 4 5 6 7 8 9 10 11 12 13 14 15 16 17 18 | 18.1
Fighting       | 3 4 6 7 8 9 10 11 12 13 14 15 16 | 16.0
Evocations     | 3 6 8 9 10 12 13 | 13.3
Shields        | 2 3 |  3.2

Action                   |  1- 3 |  4- 6 |  7- 9 | 10-12 | 13-15 | 16-18 | 19-21 | 22-24 || total
-------------------------+-------+-------+-------+-------+-------+-------+-------+-------++-------
Melee: Dagger            |    52 |   151 |   545 |  1116 |    13 |       |       |       ||  1877
       Unarmed           |       |       |       |     5 |       |       |       |       ||     5
       Rapier            |       |       |       |     3 |   826 |  1149 |  1875 |   114 ||  3967
Throw: Dart              |    16 |    31 |    36 |    25 |     9 |     8 |       |       ||   125
       Throwing net      |       |       |       |     5 |     1 |       |       |       ||     6
Invok: Lunge             |       |       |       |    49 |    83 |   136 |   151 |     4 ||   423
       Whirlwind         |       |       |       |    37 |   124 |   155 |   253 |     2 ||   571
       Serpent's Lash    |       |       |       |       |     3 |     2 |    10 |       ||    15
 Abil: Wall Jump         |       |       |       |       |     1 |     1 |       |       ||     2
       Evoke Invisibilit |       |       |       |       |       |       |     9 |       ||     9
Evoke: Wand              |       |       |     9 |    18 |     3 |     7 |     9 |     3 ||    49
       Box of beasts     |       |       |       |     1 |     2 |       |     1 |     1 ||     5
       Tin of tremorston |       |       |       |     2 |       |       |       |     2 ||     4
       Condenser vane    |       |       |       |       |       |       |       |     1 ||     1
  Use: Scroll            |       |       |       |    18 |    11 |     8 |     5 |     1 ||    43
       Potion            |       |       |       |     2 |     3 |     4 |     4 |     2 ||    15
 Stab: Sleeping          |     8 |    32 |    31 |    48 |    69 |   119 |    83 |       ||   390
       Distracted        |       |       |     1 |     8 |    12 |     8 |    23 |     2 ||    54
       Held in net/web   |       |       |       |     4 |     2 |       |       |       ||     6
       Paralysed         |       |       |       |     1 |       |       |       |       ||     1
       Invisible         |       |       |       |       |       |       |    31 |       ||    31
       Petrified         |       |       |       |       |       |       |     2 |     1 ||     3
Armor: Robe              |     5 |    19 |    38 |    71 |    22 |    17 |    36 |     6 ||   214
Dodge: Dodged            |    31 |    86 |   364 |   625 |   577 |   698 |  1134 |    90 ||  3605
       Repelled          |       |       |       |     1 |     1 |    16 |    25 |     2 ||    45

Table legend: (Time is in decaauts)
 A = Elapsed time spent in this place.
 B = Non-inter-level travel time spent in this place.
 C = Inter-level travel time spent in this place.
 D = Time resting spent in this place.
 E = Time spent auto-exploring this place.
 F = Levels seen in this place.
 G = Mean time per level.
                   A        B        C        D        E       F      G
               +--------+--------+--------+--------+--------+-----+--------+
         Total |  53451 |  50009 |   3442 |  11224 |  27454 |  39 | 1370.5 |
       Dungeon |  22305 |  20537 |   1768 |   3674 |  12149 |  15 | 1487.0 |
        Temple |    209 |    194 |     15 |    120 |     71 |   1 |  209.0 |
          Lair |  14618 |  13641 |    977 |   4815 |   6571 |   6 | 2436.3 |
        Shoals |   6013 |   5694 |    319 |    807 |   3643 |   4 | 1503.2 |
     Snake Pit |   3416 |   3297 |    119 |    556 |   2015 |   3 | 1138.7 |
  Orcish Mines |   2183 |   1994 |    189 |    328 |   1178 |   2 | 1091.5 |
   Elven Halls |   2754 |   2700 |     54 |    394 |   1470 |   3 |  918.0 |
         Abyss |    916 |    916 |      0 |    132 |    269 |   3 |  305.3 |
         Sewer |     98 |     98 |      0 |      0 |     30 |   1 |   98.0 |
       Volcano |    936 |    936 |      0 |    397 |     56 |   1 |  936.0 |
               +--------+--------+--------+--------+--------+-----+--------+

Top non-repeatable levels by time:
  Lair:2: 3491 daAuts
  Lair:6: 2708 daAuts
     D:9: 2526 daAuts
  Lair:3: 2369 daAuts
    D:10: 2268 daAuts
  Lair:1: 2144 daAuts
     D:8: 2135 daAuts
  Lair:5: 1990 daAuts
  Lair:4: 1913 daAuts
Shoals:2: 1903 daAuts
     D:4: 1823 daAuts
     D:7: 1735 daAuts
Shoals:4: 1665 daAuts
Shoals:1: 1472 daAuts
     D:5: 1459 daAuts
